 Dungeon Sprint DCSS version 0.17-a0-2069-g0f4ee5b (webtiles) character file.

902687 Kidiri the Gargoyle Barricade (level 24, 0/168 HPs)
             Began as a Gargoyle Fighter on Oct 13, 2015.
             Was the Champion of the Shining One.
             Killed from afar by a hellephant (27 damage)
             ... with a blast of flame
             ... in the Dungeon (Sprint IX: "|||||||||||||||||||||||||||||").
             The game lasted 01:24:26 (23991 turns).

Kidiri the Gargoyle Barricade (Gargoyle Fighter)   Turns: 23991, Time: 01:24:26

Health: 0/168      AC: 56    Str: 36      XL:     24   Next: 4%
Magic:  54/54      EV: 20    Int: 13 (14) God:    the Shining One [******]
Gold:   1938       SH: 34    Dex: 10 (11) Spells: 0 memorised, 77 levels left

rFire  . . .     SeeInvis +     q - +9 morningstar (holy)
rCold  + . .     Rnd*Rage +     s - +4 plate armour "Miabuaco" {+Blink rC+}
rNeg   + + +     SustAt   .     r - +5 large shield
rPois  ∞         Gourm    .     V - +2 helmet
rElec  +         Spirit   .     J - +2 cloak {+Inv}
rCorr  .         Warding  .     B - +2 pair of gloves
rMut   .         NoTele   +     y - +2 pair of boots
MR     +....                    R - amulet of Juevadie {+Rage rElec rPois rN+}
Stlth  +.........               Q - ring "Wubb" {Str+3 Int+4 SInv}
                                u - +6 ring of strength

@: glowing, somewhat resistant to hostile enchantments, very unstealthy
A: big wings, rugged brown scales 1, berserk 2, deformed body, deterioration 1,
dopey 1, frail 1, negative energy resistance 1, electricity resistance, slow
regeneration 1, unbreathing, petrification resistance, rot immunity, subdued
magic 1, AC +17
a: Fly, Divine Shield, Cleansing Flame, Summon Divine Warrior, Renounce
Religion, Evoke Blink, Evoke Berserk Rage, Evoke Invisibility
0: Orb of Zot
}: 17/15 runes: decaying, serpentine, barnacled, slimy, elven, silver, golden,
iron, obsidian, icy, bone, abyssal, glowing, magical, fiery, dark, gossamer


You were in the Dungeon.
You worshipped the Shining One.
The Shining One was exalted by your worship.
You were not hungry.

You visited 1 branch You collected 1938 gold pieces.

Inventory:

Hand Weapons
 q - a +9 morningstar of holy wrath (weapon)
Missiles
 D - 14 tomahawks
 G - 8 steel javelins
 L - 60 javelins (quivered)
Armour
 r - a +5 large shield (worn)
 s - the +4 plate armour "Miabuaco" (worn) {+Blink rC+}
   (Okawaru gifted it to you in the Dungeon)

   It protects you from cold.
   It lets you blink.
 y - a +2 pair of boots (worn)
 B - a +2 pair of gloves (worn)
 J - a +2 cloak of invisibility (worn)
 V - a +2 helmet (worn)
Jewellery
 u - a +6 ring of strength (left hand)
 Q - the ring "Wubb" (right hand) {Str+3 Int+4 SInv}
   (You found it in the Dungeon)

   [ring of strength]

   It affects your strength (+3).
   It affects your intelligence (+4).
   It lets you see invisible.
 R - the amulet of Juevadie (around neck) {+Rage rElec rPois rN+}
   (You found it in the Dungeon)

   [amulet of rage]

   It insulates you from electricity.
   It protects you from poison.
   It protects you from negative energy.
   It lets you go berserk.
Wands
 l - a wand of teleportation (1)
 p - a wand of cold (7)
 K - a wand of fireball (6)
 X - a wand of hasting (3)
Scrolls
 c - 2 scrolls of fog
 n - 3 scrolls of remove curse
 o - 2 scrolls of amnesia
 v - 3 scrolls of recharging
 N - 3 scrolls of fear
Potions
 b - a potion of resistance
 d - 2 potions of might
 h - 3 potions of haste
 i - 4 potions of magic
 j - 2 potions of berserk rage
 A - 2 potions of agility
 F - 3 potions of brilliance
 H - 2 potions of lignification
 S - 2 potions of flight
Comestibles
 w - 40 fruits
 z - 4 meat rations


   Skills:
 O Level 27 Fighting
 O Level 27 Maces & Flails
 O Level 27 Throwing
 O Level 27 Armour
 O Level 27 Dodging
 O Level 27 Stealth
 O Level 27 Shields
 + Level 18.6 Unarmed Combat
 O Level 27 Spellcasting
 O Level 27 Invocations
 O Level 27 Evocations


You had 77 spell levels left.
You didn't know any spells.

Dungeon Overview and Level Annotations

Branches:
Dungeon (1/1)

Altars:
Cheibriados
Dithmenos
Elyvilon
Fedhas
Gozag
Kikubaaqudgha
Makhleb
Nemelex Xobeh
Okawaru
Qazlal
Ru
Sif Muna
Trog
Vehumet
Xom
Yredelemnul
Zin
The Shining One
Beogh
Jiyva
Lugonu

Shops:
D *:[?

Annotations:
D Antaeus


Innate Abilities, Weirdness & Mutations

You are resistant to torment.
Your stone body is resilient (AC +17).
You are immune to poison.
Your large and strong wings let you fly indefinitely.
You resist negative energy.
You are resistant to electric shocks.
You can survive without breathing.
You are immune to petrification.
You are immune to rotting.
You are partially covered in rugged brown scales (AC +1, +3% HP).
You often lose your temper in combat.
Armour fits poorly on your strangely shaped body.
Your body sometimes deteriorates upon taking damage.
You are dopey. (Int -2)
You are frail (-10% HP).
You regenerate slowly when monsters are visible.
Your spells are a little easier to cast, but a little less powerful.


Message History

Unknown command.
You block the sixfirhy's attack. x4
You closely miss the sixfirhy. The sixfirhy hits you. The sixfirhy shocks you.
You resist. You block the sixfirhy's attack.
You bludgeon the sixfirhy!!
The sixfirhy convulses.
The sixfirhy is severely wounded.
You impale the sixfirhy!!
You kill the sixfirhy!
The Shining One accepts your kill.
You feel better.
A hellephant comes into view.
The hellephant trumpets!
The hellephant blinks!
The hellephant breathes flames at you. The blast of flame hits you!
* * * LOW HITPOINT WARNING * * *
Unknown command.
The hellephant breathes flames at you. The blast of flame hits you!
You die...

(▓.♣.♣.▓.▓.▓(▓.♣.♣.▓[▓.▓.▓.▓[▓.▓.
(▓.♣[♣.▓.▓.▓[▓.♣.♣.▓.▓.▓∩▓.▓.▓.▓[
)▓.▓'▓.▓.▓.▓[▓.♣.♣.▓.▓.▓)▓.▓.▓.▓'
)▓.▓.▓.▓.▓.▓.▓.♣[♣.▓[▓.▓∩▓.▓.▓.▓.
(▓.▓[▓.▓.▓.▓.▓.♣[♣[▓(▓.▓)▓.▓.▓.▓.
.▓.▓[▓.▓.▓.▓.▓.♣)♣.▓(▓.▓∩▓)▓.▓.▓.
.▓.▓)▓.▓.▓.▓.▓.♣.♣.▓.▓.▓[▓.▓.▓.▓.
'▓.▓[▓.▓.▓.▓)▓.♣.♣.▓(▓.▓)▓)▓'▓.▓.
[▓.▓[▓.▓.▓.▓.▓.▓@▓.▓.▓.▓[▓.▓.▓.▓.
.▓.▓[▓.▓.▓.▓.▓.▓.▓.▓.▓.▓.▓(▓.▓[▓'
[▓.▓[▓.▓'▓.▓.▓.▓.▓.▓.▓.▓.▓.▓[▓.▓.
)▓.▓[▓.▓.▓.▓'▓.▓.▓.▓'▓.▓'▓(▓.▓.▓[
[▓.▓)▓.▓.▓.▓.▓.▓.▓.▓.▓.▓.▓.▓.▓.▓.
[▓.▓)▓.▓.▓.▓.▓.▓Y▓.▓.▓.▓.▓.▓[▓.▓.
}▓.▓.▓.▓.▓.▓.▓.▓.▓.▓.▓.▓.▓(▓.▓.▓.
.▓.▓.▓.▓.▓.▓.▓.▓.▓.▓.▓.▓.▓.▓.▓.▓.
|▓.▓'▓.▓.▓.▓.▓.▓.▓.▓.▓.▓.▓.▓'▓.▓'


You could see a hellephant.

Vanquished Creatures
  Cerebov (D)
  Asmodeus (D)
  the royal jelly (D)
  Ereshkigal (D)
  Gloorx Vloq (D)
  A seraph (D)
  Mnoleg (D)
  Lom Lobon (D)
  4 ancient liches (D)
  Dispater (D)
  3 orbs of fire (D)
  Mara (D)
  Mennas (D)
  A juggernaut (D)
  3 greater mummies (D)
  Boris (D)
  4 pandemonium lords (D)
  Frederick (D)
  Margery (D)
  Norris (D)
  A Killer Klown (D)
  Geryon (D)
  Nikola (D)
  4 golden dragons (D)
  Jory (D)
  2 bone dragons (D)
  Xtahua (D)
  3 liches (D)
  2 electric golems (D)
  A Brimstone Fiend (D)
  A Hell Sentinel (D)
  3 tentacled monstrosities (D)
  7 titans (D)
  34 Orb Guardians (D)
  A Shadow Fiend (D)
  6 deep elf blademasters (D)
  4 deep elf master archers (D)
  2 death cobs (D)
  7 acid blobs (D)
  13 sphinxes (D)
  3 storm dragons (D)
  7 shadow dragons (D)
  Kirke (D)
  2 large abominations (D)
  2 draconian monks (D)
  Ilsuiw (D)
  A daeva (D)
  A balrug (D)
  3 fire giants (D)
  2 frost giants (D)
  3 ghost moths (D)
  5 greater nagas (D)
  9 azure jellies (D)
  3 cacodemons (D)
  An orc warlord (D)
  A draconian scorcher (D)
  Louise (D)
  8 emperor scorpions (D)
  5 vault wardens (D)
  A draconian shifter (D)
  2 ironheart preservers (D)
  A draconian annihilator (D)
  2 very ugly things (D)
  8 stone giants (D)
  2 green draconians (D)
  A deep elf demonologist (D)
  4 draconian callers (D)
  11 vampire knights (D)
  A yellow draconian (D)
  A deep elf annihilator (D)
  2 mottled draconians (D)
  4 red draconians (D)
  4 purple draconians (D)
  3 white draconians (D)
  A green death (D)
  A deep elf death mage (D)
  5 merfolk javelineers (D)
  25 vault guards (D)
  6 mummy priests (D)
  12 death oozes (D)
  8 fire dragons (D)
  2 minotaurs (D)
  6 yaktaur captains (D)
  A great orb of eyes (D)
  3 merfolk impalers (D)
  Josephine (D)
  A blizzard demon (D)
  A spriggan air mage (D)
  Harold (D)
  4 deep elf high priests (D)
  Erolcha (D)
  A rakshasa (D)
  An entropy weaver (D)
  2 naga warriors (D)
  6 ice dragons (D)
  2 anacondas (D)
  2 catoblepae (D)
  8 hydras (D)
  A centaur warrior (D)
  4 merfolk avatars (D)
  5 merfolk aquamancers (D)
  4 death yaks (D)
  A vampire mage (D)
  2 deep troll earth magi (D)
  3 tengu warriors (D)
  4 ogre magi (D)
  4 orc high priests (D)
  A soul eater (D)
  3 hell knights (D)
  A naga sharpshooter (D)
  Sonja (D)
  7 deep elf knights (D)
  3 ice devils (D)
  3 sun demons (D)
  A wretched star (D)
  A wizard (D)
  A spriggan druid (D)
  A giant orange brain (D)
  A naga ritualist (D)
  2 unseen horrors (D)
  A hill giant (D)
  A flayed ghost (D)
  7 orc knights (D)
  A harpy (D)
  5 swamp dragons (D)
  A putrid demonspawn (D)
  2 orb spiders (D)
  An ironbrand convoker (D)
  A phantasmal warrior (D)
  3 orc sorcerers (D)
  A deep elf conjurer (D)
  A hornet (D)
  3 necromancers (D)
  A salamander (shapeshifter) (D)
  2 cyclopes (D)
  A manticore (D)
  A mana viper (D)
  A griffon (D)
  10 moths of wrath (D)
  5 sixfirhies (D)
  3 orange demons (D)
  4 naga magi (D)
  3 rust devils (D)
  4 vault sentinels (D)
  2 guardian serpents (D)
  3 black mambas (D)
  A smoke demon (D)
  2 komodo dragons (D)
  A hellion (D)
  A kobold demonologist (D)
  A spiny frog (D)
  2 demonic crawlers (D)
  A tengu conjurer (D)
  A hellwing (D)
  4 yaktaurs (D)
  19 guardian mummies (D)
  3 red devils (D)
  3 jumping spiders (D)
  2 deep elf priests (D)
  6 merfolk (D)
  A wandering mushroom (D)
  A giant leech (D)
  A blue devil (D)
  3 slime creatures (D)
  A snapping turtle (D)
  A trapdoor spider (D)
  A blink frog (D)
  A redback (D)
  12 spriggans (D)
  A ynoxinul (D)
  A tarantella (D)
  2 deep elf magi (D)
  3 wraiths (D)
  A mottled dragon (D)
  A basilisk (D)
  Grum (D)
  3 deep elf fighters (D)
  2 chaos spawn (D)
  2 hogs (D)
  5 yaks (D)
  A hippogriff (D)
  A vampire mosquito (D)
  2 nagas (D)
  3 wolves (D)
  An insubstantial wisp (D)
  2 porcupines (D)
  A spider (D)
  2 swamp drakes (D)
  A sky beast (D)
  3 eyes of draining (D)
  A wasp (D)
  14 orc warriors (D)
  An ogre (D)
  4 crocodiles (D)
  A giant frog (D)
  A killer bee (shapeshifter) (D)
  A scorpion (D)
  A wight (D)
  A crimson imp (D)
  2 small abominations (D)
  4 orc priests (D)
  A hound (D)
  A jelly (D)
  A quasit (D)
  2 iguanas (D)
  3 orc wizards (D)
  2 worker ants (D)
  A river rat (D)
  An adder (D)
  2 white imps (D)
  2 giant eyeballs (D)
  An adder zombie (D)
  An adder skeleton (D)
  13 orcs (D)
  A bat (D)
  A bat skeleton (D)
  2 goblins (D)
  A giant newt (D)
  A kobold (D)
  A quokka skeleton (D)
  A quokka zombie (D)
  A block of ice (D)
  2 fire vortices (D)
635 creatures vanquished.

Vanquished Creatures (others)
  A titan (D)
  A fire giant (D)
  A draconian knight (D)
  A vampire knight (D)
  A deep elf high priest (D)
  4 ball lightnings (D)
  A wizard (D)
  A slime creature (D)
  4 humans (D)
  A crocodile (D)
  An orc wizard (D)
  An iron imp (D)
  A block of ice (D)
19 creatures vanquished.

Grand Total: 654 creatures vanquished

Notes
Turn   | Place    | Note
--------------------------------------------------------------
     0 | D        | Kidiri the Gargoyle Fighter began the quest for the Orb.
     0 | D        | Reached XP level 1. HP: 14/14 MP: 1/1
    67 | D        | Noticed a worker ant
    67 | D        | Noticed a sky beast
    72 | D        | Reached skill level 4 in Armour
    72 | D        | Reached skill level 1 in Dodging
    72 | D        | Reached XP level 2. HP: 18/20 MP: 2/2
    92 | D        | Killed a worker ant
    92 | D        | Reached XP level 3. HP: 9/24 MP: 3/3
   115 | D        | Killed a sky beast
   115 | D        | Reached skill level 5 in Maces & Flails
   115 | D        | Reached skill level 6 in Armour
   115 | D        | Reached XP level 4. HP: 19/30 MP: 4/4
   115 | D        | Reached XP level 5. HP: 21/34 MP: 5/5
   121 | D        | Gained mutation: Your spells are a little easier to cast, but a little less powerful. [mutagenic meat]
   122 | D        | Gained mutation: Potions and wands are less effective at restoring your health. [mutagenic meat]
   123 | D        | Gained mutation: Your body sometimes deteriorates upon taking damage. [mutagenic meat]
   124 | D        | Lost mutation: Your body sometimes deteriorates upon taking damage. [mutagenic meat]
   231 | D        | Found a glowing silver altar of Zin.
   231 | D        | Found a glowing golden altar of the Shining One.
   231 | D        | Found an ancient bone altar of Kikubaaqudgha.
   231 | D        | Found a basalt altar of Yredelemnul.
   231 | D        | Found a shimmering altar of Xom.
   231 | D        | Found a radiant altar of Vehumet.
   232 | D        | Found an iron altar of Okawaru.
   233 | D        | Found a burning altar of Makhleb.
   234 | D        | Found a deep blue altar of Sif Muna.
   235 | D        | Found a bloodstained altar of Trog.
   236 | D        | Found a sparkling altar of Nemelex Xobeh.
   237 | D        | Found a white marble altar of Elyvilon.
   238 | D        | Found a roughly hewn altar of Beogh.
   239 | D        | Found a viscous altar of Jiyva.
   240 | D        | Became a worshipper of Warmaster Okawaru
   241 | D        | Found a corrupted altar of Lugonu.
   242 | D        | Found a blossoming altar of Fedhas.
   243 | D        | Found a snail-covered altar of Cheibriados.
   244 | D        | Found a shadowy altar of Dithmenos.
   245 | D        | Found a stormy altar of Qazlal.
   246 | D        | Found an opulent altar of Gozag.
   247 | D        | Found a sacrificial altar of Ru.
   294 | D        | Noticed an orc priest
   294 | D        | Noticed a wight
   294 | D        | Noticed a yak
   294 | D        | Noticed an ogre
   294 | D        | Noticed a worker ant
   294 | D        | Noticed a jelly
   301 | D        | Killed an orc priest
   301 | D        | Reached skill level 5 in Fighting
   303 | D        | Killed a wight
   303 | D        | Reached skill level 1 in Invocations
   310 | D        | Killed a yak
   310 | D        | Reached skill level 7 in Armour
   310 | D        | Reached XP level 6. HP: 27/41 MP: 5/7
   312 | D        | Killed an ogre
   312 | D        | Reached skill level 5 in Dodging
   316 | D        | Killed a worker ant
   316 | D        | Reached * piety under Okawaru
   316 | D        | Reached skill level 8 in Armour
   316 | D        | Reached XP level 7. HP: 31/46 MP: 6/9
   317 | D        | Killed a jelly
   417 | D        | Noticed a centaur warrior
   417 | D        | Noticed a hound
   417 | D        | Noticed a deep elf mage
   417 | D        | Noticed a scorpion
   417 | D        | Noticed a komodo dragon
   417 | D        | Noticed an orc warrior
   424 | D        | Killed a centaur warrior
   424 | D        | Reached ** piety under Okawaru
   424 | D        | Reached skill level 9 in Armour
   424 | D        | Reached XP level 8. HP: 45/53 MP: 7/11
   426 | D        | Killed a hound
   432 | D        | Killed a deep elf mage
   432 | D        | Reached *** piety under Okawaru
   432 | D        | Reached skill level 5 in Invocations
   438 | D        | Killed a scorpion
   443 | D        | Killed a komodo dragon
   443 | D        | Reached skill level 10 in Armour
   443 | D        | Reached skill level 10 in Shields
   455 | D        | Killed an orc warrior
   455 | D        | Reached XP level 9. HP: 52/58 MP: 10/13
   494 | D        | Noticed a wolf
   499 | D        | Killed a wolf
   500 | D        | Noticed a wolf
   502 | D        | Noticed Grum
   504 | D        | Noticed a wolf
   509 | D        | Killed a wolf
   514 | D        | Killed Grum
   514 | D        | Reached **** piety under Okawaru
   520 | D        | Killed a wolf
   613 | D        | Noticed a blink frog
   613 | D        | Noticed a yak
   613 | D        | Noticed a porcupine
   613 | D        | Noticed an iguana
   613 | D        | Noticed an iguana
   613 | D        | Noticed a crocodile
   615 | D        | Noticed a basilisk
   617 | D        | Killed a yak
   620 | D        | Killed a porcupine
   620 | D        | Reached skill level 11 in Armour
   621 | D        | Noticed a yak
   621 | D        | Killed an iguana
   621 | D        | Reached skill level 10 in Maces & Flails
   625 | D        | Killed a blink frog
   626 | D        | Noticed a black mamba
   630 | D        | Killed an iguana
   635 | D        | Killed a crocodile
   641 | D        | Killed a basilisk
   647 | D        | Killed a yak
   657 | D        | Killed a black mamba
   709 | D        | Noticed a giant frog
   709 | D        | Noticed a spiny frog
   709 | D        | Noticed a crocodile
   709 | D        | Noticed a komodo dragon
   709 | D        | Noticed a crocodile
   710 | D        | Noticed a porcupine
   711 | D        | Killed a giant frog
   711 | D        | Reached XP level 10. HP: 65/65 MP: 12/15
   717 | D        | Killed a spiny frog
   719 | D        | Killed a crocodile
   725 | D        | Killed a komodo dragon
   734 | D        | Killed a crocodile
   734 | D        | Reached skill level 12 in Armour
   735 | D        | Killed a porcupine
   736 | D        | Noticed a crocodile
   740 | D        | Noticed a hippogriff
   747 | D        | Killed a crocodile
   747 | D        | Reached ***** piety under Okawaru
   751 | D        | Killed a hippogriff
   799 | D        | Noticed a yak
   799 | D        | Noticed a catoblepas
   799 | D        | Noticed a death yak
   799 | D        | Noticed a death yak
   799 | D        | Noticed a death yak
   799 | D        | Noticed a death yak
   803 | D        | Killed a yak
   804 | D        | Noticed a catoblepas
   811 | D        | Noticed a yak
   813 | D        | Killed a catoblepas
   824 | D        | Killed a death yak
   832 | D        | Killed a death yak
   840 | D        | Killed a death yak
   840 | D        | Reached skill level 10 in Fighting
   840 | D        | Reached skill level 13 in Armour
   840 | D        | Reached skill level 10 in Dodging
   840 | D        | Reached XP level 11. HP: 54/72 MP: 10/17
   851 | D        | Killed a death yak
   851 | D        | Received a gift from Okawaru
   852 | D        | Got a blackened plate armour {god gift}
   862 | D        | Killed a catoblepas
   866 | D        | Killed a yak
   879 | D        | Identified the +4 plate armour of Unambiguity {Dex+3 Stlth+} (Okawaru gifted it to you in the Dungeon)
  1004 | D        | Lost mutation: Your spells are a little easier to cast, but a little less powerful. [potion of cure mutation]
  1004 | D        | Lost mutation: Potions and wands are less effective at restoring your health. [potion of cure mutation]
  1041 | D        | Noticed Sonja
  1057 | D        | Killed Sonja
  1291 | D        | Noticed a wraith
  1293 | D        | Noticed Josephine
  1294 | D        | Noticed a wraith
  1295 | D        | Noticed a wraith
  1302 | D        | Killed a wraith
  1314 | D        | Killed a wraith
  1315 | D        | Noticed Harold
  1327 | D        | Killed a wraith
  1351 | D        | Killed Harold
  1548 | D        | Noticed an orc wizard
  1548 | D        | Noticed an orc priest
  1548 | D        | Noticed an orc warrior
  1550 | D        | Noticed an orc wizard
  1551 | D        | Noticed an orc wizard
  1552 | D        | Killed an orc wizard
  1553 | D        | Noticed an orc priest
  1556 | D        | Killed an orc warrior
  1557 | D        | Noticed an orc knight
  1560 | D        | Killed an orc priest
  1562 | D        | Killed an orc wizard
  1562 | D        | Reached skill level 14 in Armour
  1564 | D        | Noticed an orc priest
  1885 | D        | Killed an orc wizard
  1889 | D        | Killed an orc priest
  1960 | D        | Killed an orc knight
  1987 | D        | Killed an orc priest
  2018 | D        | Noticed an orc warrior
  2018 | D        | Noticed an orc knight
  2018 | D        | Noticed an orc knight
  2018 | D        | Noticed an orc warrior
  2018 | D        | Noticed an orc warrior
  2018 | D        | Noticed an orc warrior
  2019 | D        | Noticed an orc warrior
  2038 | D        | Killed an orc knight
  2039 | D        | Noticed an orc warrior
  2052 | D        | Killed an orc knight
  2053 | D        | Noticed an orc warrior
  2059 | D        | Killed an orc warrior
  2060 | D        | Noticed an orc high priest
  2065 | D        | Killed an orc warrior
  2066 | D        | Noticed an orc warrior
  2074 | D        | Killed an orc warrior
  2075 | D        | Noticed an orc warrior
  2083 | D        | Killed an orc warrior
  2087 | D        | Killed an orc warrior
  2097 | D        | Killed an orc warrior
  2106 | D        | Killed an orc warrior
  2122 | D        | Killed an orc high priest
  2122 | D        | Received a gift from Okawaru
  2123 | D        | Got a smoking quarterstaff {god gift}
  2133 | D        | Killed an orc warrior
  2133 | D        | Reached XP level 12. HP: 54/80 MP: 19/19
  2150 | D        | Killed an orc warrior
  2250 | D        | Found Pemn's Assorted Antiques.
  2250 | D        | Noticed an orc knight
  2250 | D        | Noticed an orc sorcerer
  2250 | D        | Noticed an orc sorcerer
  2254 | D        | Noticed an orc high priest
  2270 | D        | Killed an orc knight
  2280 | D        | Killed an orc sorcerer
  2283 | D        | Killed an orc sorcerer
  2283 | D        | Reached skill level 10 in Invocations
  2295 | D        | Killed an orc high priest
  2295 | D        | Reached skill level 15 in Armour
  2295 | D        | Reached skill level 15 in Shields
  2300 | D        | Found Zukh's Book Shoppe.
  2326 | D        | Found Wetes's Armour Emporium.
  2329 | D        | Found Nofuts's Magic Scroll Shoppe.
  2332 | D        | Noticed an orc high priest
  2334 | D        | Noticed an orc high priest
  2336 | D        | Noticed an orc sorcerer
  2347 | D        | Killed an orc high priest
  2353 | D        | Killed an orc high priest
  2360 | D        | Killed an orc sorcerer
  2715 | D        | Noticed a slime creature
  2715 | D        | Noticed a tengu warrior
  2715 | D        | Noticed a hill giant
  2715 | D        | Noticed an orc warrior
  2716 | D        | Noticed a slime creature
  2723 | D        | Noticed a deep troll earth mage
  2723 | D        | Killed a slime creature
  2725 | D        | Noticed a kobold demonologist
  2737 | D        | Killed a tengu warrior
  2742 | D        | Killed a hill giant
  2742 | D        | Received a gift from Okawaru
  2744 | D        | Noticed a fire dragon
  2749 | D        | Killed a slime creature
  2768 | D        | Killed a deep troll earth mage
  2778 | D        | Noticed a fire dragon
  2784 | D        | Killed an orc warrior
  2789 | D        | Killed a kobold demonologist
  2800 | D        | Killed a fire dragon
  2800 | D        | Received a gift from Okawaru
  2801 | D        | Noticed a slime creature
  2805 | D        | Noticed a vampire mage
  2810 | D        | Killed a fire dragon
  2815 | D        | Killed a slime creature
  2833 | D        | Killed a vampire mage
  2833 | D        | Reached skill level 16 in Shields
  2835 | D        | Noticed a stone giant
  2847 | D        | Killed a stone giant
  2858 | D        | Gained mutation: You possess an exceptional clarity of mind. [mutagenic meat]
  3067 | D        | Noticed a hog
  3068 | D        | Noticed a hog
  3069 | D        | Noticed a hog
  3070 | D        | Noticed Kirke
  3071 | D        | Noticed a hog
  3075 | D        | Killed a hog
  3076 | D        | Noticed a hog
  3077 | D        | Noticed a hog
  3083 | D        | Killed a hog
  3099 | D        | Killed Kirke
  3099 | D        | Reached skill level 15 in Maces & Flails
  3099 | D        | Reached skill level 1 in Evocations
  3099 | D        | Reached XP level 13. HP: 80/87 MP: 16/21
  3110 | D        | Noticed Erolcha
  3118 | D        | Killed Erolcha
  3195 | D        | Noticed a cyclops
  3195 | D        | Noticed a merfolk
  3195 | D        | Noticed a snapping turtle
  3195 | D        | Noticed a merfolk javelineer
  3195 | D        | Noticed a cyclops
  3195 | D        | Noticed a harpy
  3196 | D        | Noticed a manticore
  3207 | D        | Killed a cyclops
  3208 | D        | Noticed a merfolk avatar
  3210 | D        | Killed a merfolk
  3211 | D        | Noticed a merfolk javelineer
  3217 | D        | Killed a snapping turtle
  3227 | D        | Killed a merfolk javelineer
  3232 | D        | Killed a cyclops
  3239 | D        | Killed a harpy
  3250 | D        | Killed a manticore
  3256 | D        | Killed a merfolk avatar
  3263 | D        | Killed a merfolk javelineer
  3327 | D        | Noticed a naga mage
  3327 | D        | Noticed a black mamba
  3327 | D        | Noticed a mana viper
  3327 | D        | Noticed a naga sharpshooter
  3327 | D        | Noticed a black mamba
  3327 | D        | Noticed an anaconda
  3330 | D        | Killed a naga mage
  3331 | D        | Noticed a naga ritualist
  3333 | D        | Killed a mana viper
  3334 | D        | Killed a black mamba
  3335 | D        | Noticed a naga mage
  3336 | D        | Noticed an anaconda
  3341 | D        | Killed a naga sharpshooter
  3341 | D        | Reached skill level 17 in Shields
  3352 | D        | Killed an anaconda
  3353 | D        | Killed a black mamba
  3356 | D        | Killed a naga ritualist
  3360 | D        | Killed a naga mage
  3360 | D        | Reached ****** piety under Okawaru
  3369 | D        | Killed an anaconda
  3473 | D        | Noticed an entropy weaver
  3473 | D        | Noticed a tarantella
  3473 | D        | Noticed a demonic crawler
  3473 | D        | Noticed a spider
  3473 | D        | Noticed an orb spider
  3474 | D        | Noticed an emperor scorpion
  3474 | D        | Noticed a trapdoor spider
  3483 | D        | Killed an entropy weaver
  3483 | D        | Received a gift from Okawaru
  3488 | D        | Killed a tarantella
  3489 | D        | Noticed an orb spider
  3490 | D        | Noticed a jumping spider
  3492 | D        | Killed a trapdoor spider
  3502 | D        | Killed a demonic crawler
  3505 | D        | Killed a jumping spider
  3509 | D        | Killed a spider
  3510 | D        | Killed an orb spider
  3519 | D        | Killed an emperor scorpion
  3521 | D        | Killed an orb spider
  3668 | D        | Noticed a swamp drake
  3668 | D        | Noticed an insubstantial wisp
  3668 | D        | Noticed a giant leech
  3668 | D        | Noticed a swamp dragon
  3668 | D        | Noticed a purple very ugly thing
  3668 | D        | Noticed a spriggan druid
  3669 | D        | Noticed a vampire mosquito
  3672 | D        | Killed a swamp drake
  3673 | D        | Noticed a hornet
  3686 | D        | Killed a green very ugly thing
  3687 | D        | Noticed a spriggan rider
  3688 | D        | Killed an insubstantial wisp
  3693 | D        | Killed a giant leech
  3701 | D        | Killed a swamp dragon
  3705 | D        | Killed a spriggan druid
  3705 | D        | Reached skill level 5 in Evocations
  3705 | D        | Gained mutation: Your large and strong wings let you fly indefinitely. [Gargoyle growth]
  3705 | D        | Reached XP level 14. HP: 33/94 MP: 17/23
  3708 | D        | Killed a vampire mosquito
  3715 | D        | Killed a hornet
  3723 | D        | Killed a wasp
  3724 | D        | Killed a spriggan
  3869 | D        | Killed a human
  3937 | D        | Killed a crocodile
  4111 | D        | Killed an unseen horror
  4210 | D        | Noticed a six-headed hydra
  4217 | D        | Killed a six-headed hydra
  4230 | D        | Noticed a vampire knight
  4230 | D        | Noticed a yaktaur
  4230 | D        | Noticed a fire giant
  4230 | D        | Noticed a giant orange brain
  4230 | D        | Noticed a great orb of eyes
  4230 | D        | Noticed a deep troll earth mage
  4243 | D        | Killed a vampire knight
  4243 | D        | Received a gift from Okawaru
  4243 | D        | Reached skill level 18 in Shields
  4248 | D        | Killed a fire giant
  4249 | D        | Noticed a juggernaut
  4250 | D        | Noticed a fire dragon
  4251 | D        | Noticed a vampire knight
  4255 | D        | Killed a yaktaur
  4256 | D        | Noticed a tentacled monstrosity
  4258 | D        | Killed a giant orange brain
  4260 | D        | Noticed a spriggan air mage
  4280 | D        | Noticed a fire giant
  4294 | D        | Killed a vampire knight
  4303 | D        | Killed a juggernaut
  4304 | D        | Noticed a yaktaur captain
  4314 | D        | Killed a tentacled monstrosity
  4315 | D        | Paralysed by a great orb of eyes for 6 turns
  4328 | D        | Killed a great orb of eyes
  4331 | D        | Killed a deep troll earth mage
  4332 | D        | Noticed a stone giant
  4337 | D        | Noticed a wizard
  4339 | D        | Noticed a vampire knight
  4339 | D        | Killed a fire dragon
  4348 | D        | Noticed a wizard
  4348 | D        | Killed a spriggan air mage
  4361 | D        | Killed a fire giant
  4361 | D        | Reached skill level 15 in Dodging
  4361 | D        | Reached skill level 19 in Shields
  4369 | D        | Killed a yaktaur captain
  4378 | D        | Killed a stone giant
  4388 | D        | Killed a wizard
  4401 | D        | Killed a vampire knight
  4404 | D        | Killed a wizard
  4407 | D        | Noticed a yaktaur
  4413 | D        | Killed a yaktaur
  4689 | D        | Noticed an ogre mage
  4689 | D        | Noticed a yaktaur
  4689 | D        | Noticed an orc knight
  4689 | D        | Noticed a sphinx
  4689 | D        | Noticed a vault sentinel
  4689 | D        | Noticed a yaktaur captain
  4690 | D        | Noticed a vault sentinel
  4694 | D        | Killed an ogre mage
  4694 | D        | Received a gift from Okawaru
  4702 | D        | Killed a yaktaur
  4703 | D        | Noticed a slime creature
  4708 | D        | Noticed a yaktaur captain
  4710 | D        | Killed an orc knight
  4711 | D        | Noticed a deep elf fighter
  4712 | D        | Killed a sphinx
  4713 | D        | Noticed a frost giant
  4720 | D        | Killed a yaktaur captain
  4733 | D        | Killed a vault sentinel
  4734 | D        | Noticed a yaktaur captain
  4736 | D        | Noticed a vault warden
  4738 | D        | Killed a vault sentinel
  4738 | D        | Reached XP level 15. HP: 101/101 MP: 19/25
  4738 | D        | Killed a slime creature
  4739 | D        | Noticed a stone giant
  4740 | D        | Noticed a stone giant
  4746 | D        | Killed a yaktaur captain
  4760 | D        | Noticed an ironbrand convoker
  4764 | D        | Killed a frost giant
  4765 | D        | Noticed a yaktaur captain
  4768 | D        | Killed a deep elf fighter
  4770 | D        | Noticed a yaktaur captain
  4779 | D        | Killed a yaktaur captain
  4793 | D        | Killed a vault warden
  4799 | D        | Noticed a necromancer
  4805 | D        | Killed a stone giant
  4809 | D        | Noticed an ogre mage
  4811 | D        | Killed a stone giant
  4817 | D        | Noticed a vampire knight
  4817 | D        | Noticed a Killer Klown
  4817 | D        | Killed an ironbrand convoker
  4817 | D        | Reached skill level 15 in Fighting
  4829 | D        | Killed a yaktaur captain
  4840 | D        | Killed a vampire knight
  4859 | D        | Killed a Killer Klown
  4859 | D        | Reached skill level 20 in Armour
  4868 | D        | Killed a yaktaur captain
  4874 | D        | Killed a necromancer
  4880 | D        | Killed an ogre mage
  5301 | D        | Noticed Louise
  5302 | D        | Noticed Mennas
  5315 | D        | Killed Louise
  5418 | D        | Killed Mennas
  5418 | D        | Received a gift from Okawaru
  5649 | D        | Killed an unseen horror
  5756 | D        | Noticed a four-headed hydra
  5763 | D        | Killed a four-headed hydra
  5810 | D        | Noticed Jory
  5813 | D        | Noticed a hell knight
  5814 | D        | Noticed Xtahua
  5826 | D        | Noticed a necromancer
  5828 | D        | Noticed a necromancer
  5831 | D        | Noticed Margery
  5833 | D        | Killed Jory
  5833 | D        | Reached skill level 15 in Invocations
  5834 | D        | Noticed a hell knight
  5843 | D        | Noticed a hell knight
  5845 | D        | Killed Xtahua
  5845 | D        | Reached skill level 21 in Shields
  5852 | D        | Killed a hell knight
  5858 | D        | Killed a necromancer
  5871 | D        | Killed Margery
  5871 | D        | Received a gift from Okawaru
  5871 | D        | Reached skill level 10 in Evocations
  5871 | D        | Reached XP level 16. HP: 70/110 MP: 27/27
  5873 | D        | Killed a necromancer
  5877 | D        | Killed a hell knight
  5889 | D        | Killed a hell knight
  6032 | D        | Noticed a merfolk avatar
  6032 | D        | Noticed a merfolk aquamancer
  6032 | D        | Noticed a merfolk avatar
  6032 | D        | Noticed a merfolk impaler
  6032 | D        | Noticed a merfolk aquamancer
  6032 | D        | Noticed a merfolk avatar
  6033 | D        | Noticed Ilsuiw
  6040 | D        | Killed a merfolk aquamancer
  6042 | D        | Killed a merfolk avatar
  6043 | D        | Noticed a merfolk javelineer
  6044 | D        | Noticed a merfolk impaler
  6045 | D        | Killed a merfolk aquamancer
  6047 | D        | Noticed a merfolk aquamancer
  6049 | D        | Killed a merfolk avatar
  6050 | D        | Noticed a merfolk aquamancer
  6053 | D        | Noticed a merfolk aquamancer
  6067 | D        | Killed Ilsuiw
  6072 | D        | Killed a merfolk avatar
  6074 | D        | Noticed a merfolk impaler
  6077 | D        | Killed a merfolk aquamancer
  6081 | D        | Killed a merfolk aquamancer
  6081 | D        | Received a gift from Okawaru
  6089 | D        | Killed a merfolk javelineer
  6093 | D        | Killed a merfolk aquamancer
  6102 | D        | Killed a merfolk impaler
  6105 | D        | Killed a merfolk impaler
  6110 | D        | Killed a merfolk impaler
  6123 | D        | Got a barnacled rune of Zot
  6215 | D        | Noticed an emperor scorpion
  6215 | D        | Noticed a demonic crawler
  6215 | D        | Noticed an emperor scorpion
  6215 | D        | Noticed an emperor scorpion
  6215 | D        | Noticed an emperor scorpion
  6215 | D        | Noticed a jumping spider
  6226 | D        | Killed an emperor scorpion
  6227 | D        | Killed a jumping spider
  6228 | D        | Noticed an emperor scorpion
  6234 | D        | Killed a demonic crawler
  6240 | D        | Killed an emperor scorpion
  6240 | D        | Reached skill level 22 in Shields
  6241 | D        | Noticed a jumping spider
  6244 | D        | Noticed a redback
  6254 | D        | Killed an emperor scorpion
  6259 | D        | Killed an emperor scorpion
  6260 | D        | Noticed an emperor scorpion
  6266 | D        | Killed a ghost moth
  6272 | D        | Noticed an emperor scorpion
  6282 | D        | Killed an emperor scorpion
  6285 | D        | Killed a redback
  6301 | D        | Killed an emperor scorpion
  6311 | D        | Killed an emperor scorpion
  6316 | D        | Killed a jumping spider
  6324 | D        | Killed a ghost moth
  6327 | D        | Got a gossamer rune of Zot
  6334 | D        | Gained mutation: You are partially covered in large bone plates (AC +2, SH +2). [mutagenic meat]
  6335 | D        | Gained mutation: Potions and wands are less effective at restoring your health. [mutagenic meat]
  6336 | D        | Lost mutation: You possess an exceptional clarity of mind. [mutagenic meat]
  6468 | D        | Noticed a five-headed hydra
  6468 | D        | Noticed a swamp dragon
  6468 | D        | Noticed a seven-headed hydra
  6468 | D        | Noticed a five-headed hydra
  6468 | D        | Noticed an eight-headed hydra
  6469 | D        | Noticed a swamp drake
  6472 | D        | Killed a five-headed hydra
  6472 | D        | Received a gift from Okawaru
  6473 | D        | Got a translucent plate armour {god gift}
  6476 | D        | Killed a swamp dragon
  6477 | D        | Noticed an eight-headed hydra
  6478 | D        | Noticed a swamp dragon
  6483 | D        | Noticed an eight-headed hydra
  6484 | D        | Killed a seven-headed hydra
  6487 | D        | Killed a five-headed hydra
  6488 | D        | Noticed a swamp dragon
  6490 | D        | Killed an eight-headed hydra
  6491 | D        | Noticed a swamp dragon
  6500 | D        | Killed an eight-headed hydra
  6504 | D        | Killed a swamp drake
  6508 | D        | Killed a swamp dragon
  6511 | D        | Killed an eight-headed hydra
  6515 | D        | Killed a swamp dragon
  6522 | D        | Killed a swamp dragon
  6526 | D        | Got a decaying rune of Zot
  6537 | D        | Identified the +0 plate armour "Arakkoch" {Str+3 Stlth+} (Okawaru gifted it to you in the Dungeon)
  6624 | D        | Noticed a guardian serpent
  6624 | D        | Noticed a naga mage
  6624 | D        | Noticed a greater naga
  6624 | D        | Noticed a naga
  6624 | D        | Noticed a greater naga
  6624 | D        | Noticed a naga mage
  6625 | D        | Noticed a greater naga
  6628 | D        | Killed a guardian serpent
  6629 | D        | Noticed a greater naga
  6637 | D        | Killed a greater naga
  6638 | D        | Noticed a greater naga
  6646 | D        | Killed a greater naga
  6647 | D        | Noticed a naga warrior
  6651 | D        | Killed a naga mage
  6652 | D        | Noticed a naga
  6664 | D        | Killed a greater naga
  6665 | D        | Noticed a guardian serpent
  6670 | D        | Killed a greater naga
  6670 | D        | Reached skill level 23 in Shields
  6671 | D        | Noticed a naga warrior
  6677 | D        | Killed a greater naga
  6677 | D        | Reached XP level 17. HP: 102/118 MP: 24/29
  6682 | D        | Killed a naga warrior
  6687 | D        | Killed a naga mage
  6690 | D        | Killed a naga
  6693 | D        | Killed a naga
  6694 | D        | Killed a guardian serpent
  6709 | D        | Killed a naga warrior
  6718 | D        | Got a serpentine rune of Zot
  6731 | D        | Gained mutation: Your spells are a little harder to cast, but a little more powerful. [mutagenic meat]
  6732 | D        | Gained mutation: You are dopey. (Int -2) [mutagenic meat]
  6733 | D        | Gained mutation: Your magical capacity is low (-10% MP). [mutagenic meat]
  6734 | D        | Lost mutation: You are dopey. (Int -2) [potion of cure mutation]
  6734 | D        | Lost mutation: Your magical capacity is low (-10% MP). [potion of cure mutation]
  6734 | D        | Lost mutation: Your spells are a little harder to cast, but a little more powerful. [potion of cure mutation]
  6734 | D        | Lost mutation: You are partially covered in large bone plates (AC +2, SH +2). [potion of cure mutation]
  6735 | D        | Lost mutation: Potions and wands are less effective at restoring your health. [potion of cure mutation]
  6813 | D        | Noticed Frederick
  6824 | D        | Killed Frederick
  6894 | D        | Noticed a vault guard
  6894 | D        | Noticed a vault guard
  6894 | D        | Noticed a vault guard
  6894 | D        | Noticed a vault guard
  6894 | D        | Noticed a vault guard
  6894 | D        | Noticed a vault guard
  6902 | D        | Killed a vault guard
  6907 | D        | Killed a vault guard
  6911 | D        | Killed a vault guard
  6912 | D        | Noticed a vault guard
  6915 | D        | Killed a vault guard
  6919 | D        | Killed a vault guard
  6920 | D        | Noticed a vault guard
  6921 | D        | Noticed a vault guard
  6924 | D        | Killed a vault guard
  6926 | D        | Noticed a vault guard
  6930 | D        | Noticed a vault guard
  6932 | D        | Killed a vault guard
  6942 | D        | Killed a vault guard
  6943 | D        | Noticed a vault guard
  6950 | D        | Killed a vault guard
  6951 | D        | Noticed a vault guard
  6959 | D        | Killed a vault guard
  6961 | D        | Noticed a vault guard
  6966 | D        | Noticed a vault guard
  6967 | D        | Killed a vault guard
  6969 | D        | Noticed a vault guard
  6971 | D        | Killed a vault guard
  6973 | D        | Killed a vault guard
  6977 | D        | Killed a vault guard
  6981 | D        | Killed a vault guard
  6984 | D        | Killed a vault guard
  6985 | D        | Noticed a vault guard
  6986 | D        | Noticed a vault guard
  6987 | D        | Noticed a vault guard
  6988 | D        | Noticed a vault guard
  6989 | D        | Noticed a vault guard
  6993 | D        | Noticed a vault guard
  6993 | D        | Killed a vault guard
  6997 | D        | Noticed a vault guard
  6998 | D        | Killed a vault guard
  6998 | D        | Reached skill level 24 in Shields
  7001 | D        | Noticed a vault guard
  7008 | D        | Killed a vault guard
  7008 | D        | Received a gift from Okawaru
  7009 | D        | Noticed a vault guard
  7014 | D        | Killed a vault guard
  7019 | D        | Killed a vault guard
  7025 | D        | Killed a vault guard
  7029 | D        | Killed a vault guard
  7031 | D        | Killed a vault guard
  7037 | D        | Killed a vault guard
  7132 | D        | Noticed an orc knight
  7132 | D        | Noticed a vault warden
  7132 | D        | Noticed a death drake
  7132 | D        | Noticed an ogre mage
  7132 | D        | Noticed a vault warden
  7132 | D        | Noticed a vault sentinel
  7133 | D        | Noticed an orc knight
  7142 | D        | Noticed a lich
  7144 | D        | a death drake changed into a hornet
  7147 | D        | Killed a vault warden
  7155 | D        | Killed an orc knight
  7156 | D        | Noticed a yaktaur
  7157 | D        | Noticed a stone giant
  7166 | D        | Killed a vault warden
  7167 | D        | Noticed an ironheart preserver
  7171 | D        | Noticed a shadow dragon
  7177 | D        | Killed a lich
  7178 | D        | Noticed a vault warden
  7180 | D        | Killed an ogre mage
  7183 | D        | Killed a vault sentinel
  7187 | D        | Killed an orc knight
  7188 | D        | Noticed a shadow dragon
  7193 | D        | Killed a stone giant
  7201 | D        | Noticed a phantasmal warrior
  7202 | D        | Killed an ironheart preserver
  7203 | D        | Noticed a vault warden
  7206 | D        | Noticed an ironheart preserver
  7210 | D        | Killed a shadow dragon
  7219 | D        | Killed a vault warden
  7231 | D        | Killed a shadow dragon
  7243 | D        | Killed a vault warden
  7246 | D        | Killed an ironheart preserver
  7250 | D        | Killed a yaktaur
  7260 | D        | Killed a phantasmal warrior
  7512 | D        | Noticed a flayed ghost
  7512 | D        | Noticed a shadow dragon
  7512 | D        | Noticed a shadow dragon
  7512 | D        | Noticed a vault sentinel
  7512 | D        | Noticed a stone giant
  7512 | D        | Noticed a shadow dragon
  7513 | D        | Noticed a tentacled monstrosity
  7518 | D        | Noticed a golden dragon
  7522 | D        | Killed a shadow dragon
  7522 | D        | Reached skill level 25 in Shields
  7527 | D        | Killed a shadow dragon
  7528 | D        | Killed a flayed ghost
  7529 | D        | Noticed a shadow dragon
  7532 | D        | Killed a stone giant
  7532 | D        | Reached XP level 18. HP: 126/128 MP: 24/31
  7540 | D        | Killed a tentacled monstrosity
  7545 | D        | Killed a vault sentinel
  7559 | D        | Killed a golden dragon
  7559 | D        | Received a gift from Okawaru
  7577 | D        | Killed a shadow dragon
  7587 | D        | Killed a shadow dragon
  7589 | D        | Got a silver rune of Zot
  7609 | D        | Got an encrusted ring mail
  7620 | D        | Identified the +4 ring mail of the New World {rF+} (You found it in the Dungeon)
  7728 | D        | Killed Josephine
  7734 | D        | Noticed Nikola
  7735 | D        | Noticed Boris
  7745 | D        | Killed Nikola
  7767 | D        | Killed Boris
  7856 | D        | Got the amulet of Liaxasone {Gourm rElec rN+}
  7858 | D        | Got the amulet "Kadeyd" {Ward rElec rN+ Dex+3}
  7860 | D        | Got the ring "Wubb" {Str+3 Int+4 SInv}
  7862 | D        | Got the amulet of Juevadie {+Rage rElec rPois rN+}
  7864 | D        | Got the ring of Amumnukh {rElec rC+ rN+ Dex-5}
  8012 | D        | Noticed Norris
  8020 | D        | Noticed Mara
  8046 | D        | Noticed Kidiri's illusion
  8048 | D        | Killed Norris
  8066 | D        | Killed Mara
  8066 | D        | Reached skill level 26 in Armour
  8150 | D        | Noticed a deep elf mage
  8150 | D        | Noticed an ogre mage
  8150 | D        | Noticed a griffon
  8151 | D        | Killed a deep elf mage
  8152 | D        | Noticed a tengu warrior
  8153 | D        | Noticed a deep elf fighter
  8156 | D        | Killed an ogre mage
  8163 | D        | Killed a griffon
  8172 | D        | Killed a tengu warrior
  8180 | D        | Killed a deep elf fighter
  8333 | D        | Noticed a bone dragon
  8333 | D        | Noticed a fire dragon
  8333 | D        | Noticed a green draconian
  8333 | D        | Noticed a mottled dragon
  8333 | D        | Noticed an ice dragon
  8333 | D        | Noticed a bone dragon
  8340 | D        | Noticed a storm dragon
  8349 | D        | Killed a bone dragon
  8358 | D        | Killed a fire dragon
  8360 | D        | Noticed a purple draconian
  8376 | D        | Noticed a fire dragon
  8378 | D        | Killed a bone dragon
  8379 | D        | Noticed a red draconian
  8386 | D        | Killed a green draconian
  8389 | D        | Killed an ice dragon
  8389 | D        | Reached skill level 15 in Evocations
  8390 | D        | Noticed a mottled draconian
  8402 | D        | Killed a storm dragon
  8412 | D        | Killed a purple draconian
  8421 | D        | Noticed a purple draconian
  8421 | D        | Killed a fire dragon
  8430 | D        | Killed a red draconian
  8439 | D        | Killed a mottled draconian
  8446 | D        | Killed a mottled dragon
  8453 | D        | Killed a purple draconian
  8497 | D        | Noticed a yellow draconian caller
  8497 | D        | Noticed a white draconian
  8497 | D        | Noticed a green draconian
  8497 | D        | Noticed a moth of wrath
  8497 | D        | Noticed a moth of wrath
  8497 | D        | Noticed a fire dragon
  8501 | D        | Killed a yellow draconian caller
  8502 | D        | Noticed an ice dragon
  8504 | D        | Killed a white draconian
  8504 | D        | Received a gift from Okawaru
  8512 | D        | Killed a green draconian
  8515 | D        | Killed a moth of wrath
  8517 | D        | Killed a moth of wrath
  8521 | D        | Killed a fire dragon
  8528 | D        | Killed an ice dragon
  8558 | D        | Noticed a red draconian
  8558 | D        | Noticed a fire dragon
  8558 | D        | Noticed a red draconian caller
  8558 | D        | Noticed a death cob
  8558 | D        | Noticed a mottled draconian
  8559 | D        | Noticed a storm dragon
  8566 | D        | Killed a red draconian
  8567 | D        | Noticed a green draconian monk
  8577 | D        | Killed a fire dragon
  8586 | D        | Killed a red draconian caller
  8593 | D        | Killed a death cob
  8593 | D        | Reached skill level 27 in Shields
  8599 | D        | Killed a mottled draconian
  8599 | D        | Reached skill level 27 in Armour
  8611 | D        | Killed a storm dragon
  8611 | D        | Reached XP level 19. HP: 92/136 MP: 33/33
  8619 | D        | Killed a green draconian monk
  8759 | D        | Noticed a purple draconian
  8759 | D        | Noticed a moth of wrath
  8759 | D        | Noticed a storm dragon
  8759 | D        | Noticed a red draconian scorcher
  8759 | D        | Noticed a mottled draconian annihilator
  8759 | D        | Noticed an ice dragon
  8765 | D        | Killed a purple draconian
  8766 | D        | Noticed a red draconian knight
  8769 | D        | Noticed a white draconian monk
  8771 | D        | Killed a moth of wrath
  8772 | D        | Noticed a green draconian caller
  8777 | D        | Killed a storm dragon
  8781 | D        | Killed a red draconian scorcher
  8786 | D        | Killed a mottled draconian annihilator
  8791 | D        | Killed an ice dragon
  8803 | D        | Killed a red draconian knight
  8812 | D        | Killed a white draconian monk
  8824 | D        | Killed a green draconian caller
  9014 | D        | Noticed a tentacled monstrosity
  9014 | D        | Noticed a white draconian
  9014 | D        | Noticed a ghost moth
  9014 | D        | Noticed a moth of wrath
  9014 | D        | Noticed a moth of wrath
  9014 | D        | Noticed a golden dragon
  9022 | D        | Killed a tentacled monstrosity
  9023 | D        | Noticed a purple draconian
  9027 | D        | Killed a white draconian
  9028 | D        | Noticed an ice dragon
  9032 | D        | Killed a ghost moth
  9034 | D        | Noticed a moth of wrath
  9043 | D        | Killed a golden dragon
  9043 | D        | Received a gift from Okawaru
  9044 | D        | Got a smelly plate armour {god gift}
  9046 | D        | Killed a moth of wrath
  9049 | D        | Killed a moth of wrath
  9058 | D        | Killed a purple draconian
  9064 | D        | Killed an ice dragon
  9068 | D        | Killed a moth of wrath
  9083 | D        | Gained mutation: You are partially covered in rugged brown scales (AC +1, +3% HP). [mutagenic meat]
  9095 | D        | Identified the +4 plate armour "Miabuaco" {+Blink rC+} (Okawaru gifted it to you in the Dungeon)
  9289 | D        | Noticed an Orb Guardian
  9289 | D        | Noticed an Orb Guardian
  9289 | D        | Noticed an Orb Guardian
  9289 | D        | Noticed an Orb Guardian
  9289 | D        | Noticed an Orb Guardian
  9289 | D        | Noticed an Orb Guardian
  9292 | D        | Killed an Orb Guardian
  9293 | D        | Noticed an Orb Guardian
  9297 | D        | Killed an Orb Guardian
  9302 | D        | Killed an Orb Guardian
  9307 | D        | Killed an Orb Guardian
  9308 | D        | Noticed an Orb Guardian
  9315 | D        | Killed an Orb Guardian
  9322 | D        | Killed an Orb Guardian
  9323 | D        | Noticed an Orb Guardian
  9331 | D        | Killed an Orb Guardian
  9331 | D        | Reached skill level 27 in Maces & Flails
  9332 | D        | Noticed an Orb Guardian
  9340 | D        | Killed an Orb Guardian
  9346 | D        | Killed an Orb Guardian
  9354 | D        | Killed an Orb Guardian
  9362 | D        | Noticed a fire dragon
  9362 | D        | Noticed an ice dragon
  9362 | D        | Noticed an Orb Guardian
  9362 | D        | Noticed an Orb Guardian
  9362 | D        | Noticed an ice dragon
  9362 | D        | Noticed a death cob
  9365 | D        | Killed a fire dragon
  9366 | D        | Noticed an Orb Guardian
  9367 | D        | Noticed an Orb Guardian
  9369 | D        | Killed an ice dragon
  9375 | D        | Killed an Orb Guardian
  9380 | D        | Killed an Orb Guardian
  9385 | D        | Killed an ice dragon
  9390 | D        | Killed a death cob
  9396 | D        | Killed an Orb Guardian
  9396 | D        | Received a gift from Okawaru
  9405 | D        | Killed an Orb Guardian
  9513 | D        | Noticed an ancient lich
  9525 | D        | Killed an ancient lich
  9525 | D        | Reached XP level 20. HP: 152/152 MP: 27/35
 11055 | D        | Fell from the grace of Okawaru
 11055 | D        | Became a worshipper of the Shining One
 12542 | D        | Noticed an orb of fire
 12542 | D        | Gained mutation: Your spells are a little easier to cast, but a little less powerful. [an orb of fire]
 12551 | D        | Gained mutation: Your body sometimes deteriorates upon taking damage. [an orb of fire]
 12556 | D        | The Shining One protects you from harm!
 12558 | D        | Killed an orb of fire
 12860 | D        | Noticed an electric golem
 12882 | D        | Killed an electric golem
 13135 | D        | Noticed an ancient lich
 13135 | D        | Reached * piety under the Shining One
 13135 | D        | Noticed a green draconian shifter
 13135 | D        | Noticed an electric golem
 13135 | D        | Noticed a golden dragon
 13135 | D        | Noticed a shadow dragon
 13135 | D        | Reached ** piety under the Shining One
 13135 | D        | Noticed a yellow draconian
 13136 | D        | Noticed an Orb Guardian
 13137 | D        | Noticed an orb of fire
 13145 | D        | Killed an ancient lich
 13145 | D        | Reached *** piety under the Shining One
 13148 | D        | Gained mutation: You regenerate slowly when monsters are visible. [an orb of fire]
 13151 | D        | Noticed a white draconian caller
 13151 | D        | Noticed an orb of fire
 13151 | D        | Noticed a golden dragon
 13151 | D        | Reached **** piety under the Shining One
 13151 | D        | Noticed a moth of wrath
 13157 | D        | Noticed a moth of wrath
 13158 | D        | Killed a golden dragon
 13158 | D        | Reached skill level 5 in Throwing
 13159 | D        | Lost mutation: You regenerate slowly when monsters are visible. [an orb of fire]
 13162 | D        | Gained mutation: You tend to lose your temper in combat. [an orb of fire]
 13167 | D        | Gained mutation: You regenerate slowly when monsters are visible. [an orb of fire]
 13174 | D        | Gained mutation: You are dopey. (Int -2) [an orb of fire]
 13175 | D        | Killed an orb of fire
 13179 | D        | Gained mutation: You are frail (-10% HP). [an orb of fire]
 13181 | D        | Gained mutation: You often lose your temper in combat. [an orb of fire]
 13183 | D        | Gained mutation: Armour fits poorly on your strangely shaped body. [an orb of fire]
 13187 | D        | Killed a shadow dragon
 13189 | D        | Killed an orb of fire
 13192 | D        | Killed a green draconian shifter
 13201 | D        | Killed a yellow draconian
 13212 | D        | Killed an Orb Guardian
 13212 | D        | Reached skill level 10 in Stealth
 13218 | D        | Killed an electric golem
 13219 | D        | Noticed a red draconian
 13227 | D        | Killed a white draconian caller
 13239 | D        | Killed a golden dragon
 13240 | D        | Killed a moth of wrath
 13244 | D        | Killed a moth of wrath
 13247 | D        | Killed a red draconian
 13740 | D        | Noticed an Orb Guardian
 13740 | D        | Noticed an Orb Guardian
 13740 | D        | Noticed an Orb Guardian
 13740 | D        | Reached ***** piety under the Shining One
 13740 | D        | Noticed an Orb Guardian
 13740 | D        | Noticed an Orb Guardian
 13740 | D        | Noticed an Orb Guardian
 13747 | D        | Killed an Orb Guardian
 13751 | D        | Killed an Orb Guardian
 13753 | D        | Killed an Orb Guardian
 13762 | D        | Killed an Orb Guardian
 13766 | D        | Killed an Orb Guardian
 13771 | D        | Killed an Orb Guardian
 13772 | D        | Noticed a moth of wrath
 13773 | D        | Noticed an Orb Guardian
 13774 | D        | Noticed an Orb Guardian
 13775 | D        | Noticed an Orb Guardian
 13777 | D        | Killed a moth of wrath
 13782 | D        | Killed an Orb Guardian
 13782 | D        | Reached skill level 10 in Throwing
 13786 | D        | Killed an Orb Guardian
 13789 | D        | Killed an Orb Guardian
 13790 | D        | Noticed an Orb Guardian
 13792 | D        | Noticed an Orb Guardian
 13796 | D        | Noticed a moth of wrath
 13796 | D        | Killed an Orb Guardian
 13796 | D        | Reached skill level 27 in Fighting
 13796 | D        | Reached skill level 27 in Dodging
 13801 | D        | Killed an Orb Guardian
 13805 | D        | Killed a moth of wrath
 13805 | D        | Reached XP level 21. HP: 144/151 MP: 37/37
 13814 | D        | Noticed an Orb Guardian
 13819 | D        | Killed an Orb Guardian
 14009 | D        | Noticed a vampire knight
 14009 | D        | Noticed a vampire knight
 14009 | D        | Reached ****** piety under the Shining One
 14009 | D        | Noticed a vampire knight
 14009 | D        | Noticed a vampire knight
 14009 | D        | Noticed a vampire knight
 14013 | D        | Noticed a vampire knight
 14013 | D        | Identified a +9 morningstar of holy wrath (a +8 morningstar of crushing blessed by the Shining One)
 14013 | D        | Received a gift from the Shining One
 14013 | D        | Killed a vampire knight
 14016 | D        | Noticed a vampire knight
 14016 | D        | Killed a vampire knight
 14017 | D        | Killed a vampire knight
 14018 | D        | Noticed a lich
 14018 | D        | Killed a vampire knight
 14020 | D        | Noticed an ancient lich
 14021 | D        | Noticed a vampire knight
 14023 | D        | Killed a vampire knight
 14027 | D        | Paralysed by a lich for 7 turns
 14036 | D        | Killed a vampire knight
 14043 | D        | Killed an ancient lich
 14043 | D        | Reached skill level 15 in Stealth
 14044 | D        | Paralysed by a vampire knight for 7 turns
 14055 | D        | Killed a vampire knight
 14057 | D        | Killed a lich
 14060 | D        | Killed a vampire knight
 14244 | D        | Noticed a spriggan baker
 14244 | D        | Noticed a spriggan baker
 14244 | D        | Noticed a spriggan baker
 14244 | D        | Noticed a spriggan baker
 14244 | D        | Noticed a spriggan baker
 14244 | D        | Noticed a spriggan baker
 14245 | D        | Killed a spriggan baker
 14246 | D        | Killed a spriggan baker
 14247 | D        | Noticed a spriggan baker
 14250 | D        | Noticed a spriggan baker
 14250 | D        | Killed a spriggan baker
 14251 | D        | Noticed a spriggan baker
 14252 | D        | Killed a spriggan baker
 14253 | D        | Noticed a spriggan baker
 14254 | D        | Killed a spriggan baker
 14256 | D        | Killed a spriggan baker
 14260 | D        | Killed a spriggan baker
 14262 | D        | Killed a spriggan baker
 14264 | D        | Killed a spriggan baker
 14265 | D        | Killed a spriggan baker
 14299 | D        | Noticed a spriggan baker
 14303 | D        | Killed a spriggan baker
 14314 | D        | Noticed a deep elf high priest
 14314 | D        | Noticed a deep elf blademaster
 14314 | D        | Noticed a deep elf demonologist
 14314 | D        | Noticed a deep elf annihilator
 14314 | D        | Noticed a deep elf death mage
 14314 | D        | Noticed a deep elf high priest
 14315 | D        | Noticed a deep elf blademaster
 14324 | D        | Noticed a deep elf blademaster
 14325 | D        | Killed a deep elf blademaster
 14328 | D        | Noticed a deep elf master archer
 14328 | D        | Killed a deep elf annihilator
 14334 | D        | Killed a deep elf blademaster
 14336 | D        | Killed a ghostly deep elf blademaster
 14349 | D        | Killed a deep elf blademaster
 14352 | D        | Killed a deep elf death mage
 14356 | D        | Noticed a deep elf master archer
 14358 | D        | Killed a deep elf master archer
 14362 | D        | Noticed a deep elf master archer
 14363 | D        | Killed a deep elf high priest
 14364 | D        | Noticed a deep elf high priest
 14367 | D        | Noticed a deep elf high priest
 14369 | D        | Killed a deep elf demonologist
 14370 | D        | Noticed a deep elf high priest
 14374 | D        | Killed a deep elf master archer
 14381 | D        | Killed a deep elf master archer
 14383 | D        | Killed a deep elf high priest
 14390 | D        | Reached skill level 27 in Invocations
 14695 | D        | Killed a deep elf high priest
 14936 | D        | Killed a deep elf high priest
 14936 | D        | Reached skill level 15 in Throwing
 14991 | D        | Killed a deep elf high priest
 15121 | D        | Got an elven rune of Zot
 15142 | D        | Noticed an acid blob
 15142 | D        | Noticed an acid blob
 15142 | D        | Noticed an acid blob
 15142 | D        | Noticed a death ooze
 15142 | D        | Noticed an azure jelly
 15143 | D        | Noticed an azure jelly
 15147 | D        | Paralysed by a giant eyeball for 2 turns
 15150 | D        | Killed an acid blob
 15151 | D        | Noticed an acid blob
 15563 | D        | Killed an acid blob
 15821 | D        | Killed an azure jelly
 15910 | D        | Killed a death ooze
 15914 | D        | Noticed a death ooze
 15918 | D        | Killed a death ooze
 15936 | D        | Killed an acid blob
 15939 | D        | Paralysed by a giant eyeball for 2 turns
 15988 | D        | Noticed the royal jelly
 16450 | D        | Killed an azure jelly
 16500 | D        | Killed the royal jelly
 16523 | D        | Killed an acid blob
 16944 | D        | Noticed an eye of draining
 16951 | D        | Killed an eye of draining
 16952 | D        | Noticed a death ooze
 16953 | D        | Noticed an eye of draining
 16959 | D        | Killed a death ooze
 16961 | D        | Killed an eye of draining
 17018 | D        | Noticed an acid blob
 17020 | D        | Noticed a death ooze
 17021 | D        | Noticed a death ooze
 17022 | D        | Noticed an azure jelly
 17025 | D        | Noticed an azure jelly
 17025 | D        | Killed an acid blob
 17026 | D        | Killed a death ooze
 17036 | D        | Killed an azure jelly
 17038 | D        | Killed an azure jelly
 17042 | D        | Killed a death ooze
 17055 | D        | Got a slimy rune of Zot
 17427 | D        | Noticed a sphinx
 17427 | D        | Noticed a sphinx
 17427 | D        | Noticed a sphinx
 17427 | D        | Noticed a sphinx
 17427 | D        | Noticed a sphinx
 17427 | D        | Noticed a sphinx
 17433 | D        | Killed a sphinx
 17434 | D        | Noticed a sphinx
 17437 | D        | Noticed a sphinx
 17439 | D        | Killed a sphinx
 17441 | D        | Noticed a sphinx
 17443 | D        | Killed a sphinx
 17450 | D        | Killed a sphinx
 17450 | D        | Paralysed by a sphinx for 3 turns
 17456 | D        | Noticed a sphinx
 17457 | D        | Killed a sphinx
 17457 | D        | Reached XP level 22. HP: 50/157 MP: 39/39
 17462 | D        | Killed a sphinx
 17468 | D        | Killed a sphinx
 17473 | D        | Killed a sphinx
 17477 | D        | Killed a sphinx
 17480 | D        | Paralysed by a sphinx for 7 turns
 17490 | D        | Killed a sphinx
 17876 | D        | Noticed a sphinx
 17878 | D        | Noticed a sphinx
 17886 | D        | Killed a sphinx
 17892 | D        | Killed a sphinx
 17956 | D        | Noticed a guardian mummy
 17956 | D        | Noticed a guardian mummy
 17956 | D        | Noticed a guardian mummy
 17956 | D        | Noticed a guardian mummy
 17956 | D        | Noticed a guardian mummy
 17956 | D        | Noticed a guardian mummy
 17957 | D        | Killed a guardian mummy
 17958 | D        | Noticed a guardian mummy
 17959 | D        | Killed a guardian mummy
 17960 | D        | Killed a guardian mummy
 17961 | D        | Noticed a guardian mummy
 17964 | D        | Killed a guardian mummy
 17965 | D        | Noticed a guardian mummy
 17969 | D        | Killed a guardian mummy
 17971 | D        | Killed a guardian mummy
 17974 | D        | Killed a guardian mummy
 17975 | D        | Noticed a guardian mummy
 17976 | D        | Killed a guardian mummy
 17978 | D        | Killed a guardian mummy
 17983 | D        | Killed a guardian mummy
 18042 | D        | Noticed a guardian mummy
 18042 | D        | Noticed a mummy priest
 18042 | D        | Noticed a guardian mummy
 18042 | D        | Noticed a guardian mummy
 18042 | D        | Noticed a mummy priest
 18042 | D        | Noticed a mummy priest
 18043 | D        | Killed a guardian mummy
 18044 | D        | Noticed a mummy priest
 18047 | D        | Killed a mummy priest
 18050 | D        | Killed a guardian mummy
 18051 | D        | Killed a guardian mummy
 18052 | D        | Noticed a guardian mummy
 18057 | D        | Killed a mummy priest
 18059 | D        | Noticed a mummy priest
 18063 | D        | Killed a mummy priest
 18067 | D        | Killed a mummy priest
 18069 | D        | Killed a guardian mummy
 18072 | D        | Killed a mummy priest
 18168 | D        | Was forgiven by Okawaru
 18381 | D        | Noticed a greater mummy
 18381 | D        | Noticed a guardian mummy
 18381 | D        | Noticed a guardian mummy
 18381 | D        | Noticed a greater mummy
 18381 | D        | Noticed a guardian mummy
 18381 | D        | Noticed a greater mummy
 18382 | D        | Noticed a mummy priest
 18385 | D        | Killed a greater mummy
 18386 | D        | Noticed a guardian mummy
 18387 | D        | Killed a guardian mummy
 18388 | D        | Killed a guardian mummy
 18393 | D        | Noticed a guardian mummy
 18396 | D        | Killed a greater mummy
 18399 | D        | Killed a guardian mummy
 18409 | D        | Killed a greater mummy
 18412 | D        | Killed a mummy priest
 18415 | D        | Killed a guardian mummy
 18417 | D        | Killed a guardian mummy
 18419 | D        | Got a golden rune of Zot
 18618 | D        | Noticed a small abomination
 18618 | D        | Noticed a rakshasa
 18618 | D        | Noticed a chaos spawn
 18618 | D        | Noticed a wretched star
 18618 | D        | Noticed a wandering mushroom
 18619 | D        | Killed a small abomination
 18620 | D        | Noticed a ynoxinul
 18622 | D        | Killed a rakshasa
 18626 | D        | Killed a chaos spawn
 18629 | D        | Noticed a white very ugly thing
 18633 | D        | Killed a wretched star
 18634 | D        | Noticed an orange demon
 18647 | D        | Killed a white very ugly thing
 18648 | D        | Noticed a small abomination
 18653 | D        | Killed a wandering mushroom
 18656 | D        | Killed an orange demon
 18658 | D        | Killed a ynoxinul
 18661 | D        | Killed a small abomination
 18666 | D        | Got an abyssal rune of Zot
 18830 | D        | Noticed Geryon
 18851 | D        | Killed Geryon
 18851 | D        | Reached skill level 27 in Stealth
 18853 | D        | Noticed Ereshkigal
 18853 | D        | Noticed Asmodeus
 18854 | D        | Noticed Cerebov
 18881 | D        | Noticed Mnoleg
 18881 | D        | Got a bone rune of Zot
 18890 | D        | Killed Ereshkigal
 18890 | D        | Paralysed by a giant eyeball for 2 turns
 18899 | D        | Paralysed by a giant eyeball for 2 turns
 18902 | D        | Killed Asmodeus
 18902 | D        | Reached skill level 27 in Evocations
 19525 | D        | Killed Cerebov
 19748 | D        | Noticed Gloorx Vloq
 19758 | D        | Killed Gloorx Vloq
 19758 | D        | Reached skill level 27 in Throwing
 19758 | D        | Reached skill level 10 in Spellcasting
 19758 | D        | Reached XP level 23. HP: 162/162 MP: 36/40
 19879 | D        | Killed Mnoleg
 20009 | D        | Got an obsidian rune of Zot
 20013 | D        | Got a fiery rune of Zot
 20015 | D        | Noticed Dispater
 20017 | D        | Got a glowing rune of Zot
 20018 | D        | Noticed Lom Lobon
 20954 | D        | Killed Dispater
 21409 | D        | Got a dark rune of Zot
 21815 | D        | Killed Lom Lobon
 22017 | D        | Noticed Antaeus
 22051 | D        | Got an iron rune of Zot
 22313 | D        | Got a magical rune of Zot
 22319 | D        | Got an icy rune of Zot
 22737 | D        | Got the Orb of Zot
 23071 | D        | Killed a human
 23117 | D        | Killed a human
 23182 | D        | Noticed Osiuggomp the pandemonium lord
 23195 | D        | Killed Osiuggomp the pandemonium lord
 23229 | D        | Noticed Gufahoz the pandemonium lord
 23233 | D        | Noticed an ancient lich
 23240 | D        | Killed Gufahoz the pandemonium lord
 23256 | D        | Killed an ancient lich
 23556 | D        | Killed a human
 23674 | D        | Reached skill level 27 in Spellcasting
 23728 | D        | Reached skill level 5 in Unarmed Combat
 23764 | D        | Noticed a seraph
 23799 | D        | Killed a seraph
 23879 | D        | Noticed Ehoiras the pandemonium lord
 23882 | D        | Noticed Dicecaopp the pandemonium lord
 23892 | D        | Killed Ehoiras the pandemonium lord
 23904 | D        | Killed Dicecaopp the pandemonium lord
 23904 | D        | Reached XP level 24. HP: 168/168 MP: 54/54
 23991 | D        | Killed from afar by a hellephant

Vault maps used:
D:        linesprint

Action                   |  1- 3 |  4- 6 |  7- 9 | 10-12 | 13-15 | 16-18 | 19-21 | 22-24 || total
-------------------------+-------+-------+-------+-------+-------+-------+-------+-------++-------
Melee: Flail             |    69 |       |       |       |       |       |       |       ||    69
       Morningstar       |       |    20 |    91 |   515 |   688 |   754 |   905 |   565 ||  3538
       Eveningstar       |       |       |       |       |       |   120 |       |       ||   120
Throw: Tomahawk          |       |       |       |       |     2 |       |       |       ||     2
       Throwing net      |       |       |       |       |     1 |       |       |       ||     1
       Javelin           |       |       |       |       |       |       |     3 |    39 ||    42
Invok: Heroism           |       |       |     4 |     9 |    12 |    14 |     5 |       ||    44
       Finesse           |       |       |       |     8 |    12 |    14 |     5 |       ||    39
       Divine Shield     |       |       |       |       |       |       |    10 |    20 ||    30
       Cleansing Flame   |       |       |       |       |       |       |     4 |     4 ||     8
       Summon Divine War |       |       |       |       |       |       |     2 |    11 ||    13
       Brand Weapon With |       |       |       |       |       |       |     1 |       ||     1
 Abil: Evoke Invisibilit |       |       |       |     1 |    10 |    12 |     6 |       ||    29
       Evoke Berserk Rag |       |       |       |       |       |     2 |       |     7 ||     9
Evoke: Wand              |       |       |       |       |       |       |     3 |     1 ||     4
  Use: Potion            |     1 |     2 |       |     3 |     9 |     2 |     6 |     7 ||    30
       Scroll            |       |       |       |     1 |     9 |     8 |     2 |     5 ||    25
 Stab: Sleeping          |       |       |       |     1 |       |       |       |       ||     1
       Petrified         |       |       |       |     3 |       |       |       |       ||     3
       Invisible         |       |       |       |       |    46 |    60 |     9 |       ||   115
       Distracted        |       |       |       |       |       |       |     1 |       ||     1
  Eat: Chunk             |       |     4 |       |     4 |     6 |    14 |     9 |     2 ||    39
       Bread ration      |       |       |       |     2 |     2 |     3 |     6 |       ||    13
       Meat ration       |       |       |       |       |       |       |     2 |     7 ||     9
       Beef jerky        |       |       |       |       |       |       |     1 |       ||     1
